 Dungeon Crawl Stone Soup version 0.29.1-1-gd02db6906a (webtiles) character file.

Game seed: 3062881665718501520

403 Ashen the Chiller (level 6, -2/44 HPs)
             Began as a Demonspawn Ice Elementalist on Sept 27, 2022.
             Was a Follower of Makhleb.
             Succumbed to a scorpion's poison
             ... on level 5 of the Dungeon.
             The game lasted 00:09:11 (5233 turns).

Ashen the Chiller (Demonspawn Ice Elementalist)     Turns: 5233, Time: 00:09:12

Health: -2/44      AC:  4    Str:  9    XL:     6   Next: 55%
Magic:  8/11       EV: 13    Int: 24    God:    Makhleb [*.....]
Gold:   96         SH:  0    Dex: 22    Spells: 1/12 levels left

rFire   . . .      SeeInvis .   s - +0 short sword
rCold   . . .      Faith    .   (no shield)
rNeg    . . .      Spirit   .   a - +0 robe
rPois   .          Reflect  .   j - +0 hat
rElec   .          Harm     .   n - +0 cloak of the Reasonable God {Int+6 Dex+3}
rCorr   .          Rampage  .   (no gloves)
Will    .....                   r - +0 pair of boots
Stlth   +++.......              (no amulet)
HPRegen 0.14/turn               o - +6 ring of dexterity
MPRegen 0.12/turn               (no ring)

@: lethally poisoned (-2 -> -23), freezing walls, flying
A: hooves 2, demonic magic 1
a: Renounce Religion


You were on level 5 of the Dungeon.
You worshipped Makhleb.
Makhleb was aware of your devotion.
You visited 2 branches of the dungeon, and saw 6 of its levels.
You also visited: Ossuary.

You collected 158 gold pieces.
You spent 62 gold pieces at shops.

Inventory:

Hand Weapons
 s - a +0 short sword (weapon)
 y - a +1 vorpal spear
Armour
 a - a +0 robe (worn)
 j - a +0 hat (worn)
 l - a +0 buckler
 n - the +0 cloak of the Reasonable God (worn) {Int+6 Dex+3}
   (You acquired it on level 5 of the Dungeon)

   Int:       It affects your intelligence (+6).
   Dex:       It affects your dexterity (+3).
 r - a +0 pair of boots (worn)
 w - a scarf of invisibility
Jewellery
 o - a +6 ring of dexterity (left hand)
Scrolls
 f - 4 scrolls of teleportation {unknown}
 g - a scroll of immolation
 h - 2 scrolls of poison {unknown}
 i - a scroll of fear {unknown}
 m - 3 scrolls of enchant weapon
 p - a scroll of summoning {unknown}
 B - a scroll of magic mapping {unknown}
 C - a scroll of amnesia {unknown}
Potions
 b - 2 potions of magic
 c - 2 potions of resistance
 e - 3 potions of berserk rage
 q - 2 potions of brilliance {unknown}
 t - a potion of curing {unknown}
 u - 2 potions of heal wounds {unknown}
 v - a potion of attraction {unknown}
 z - a potion of haste {unknown}
 A - a potion of flight


   Skills:
 + Level 2.1 Fighting
 + Level 0.6 Short Blades
 + Level 2.7 Dodging
 + Level 3.0 Stealth
 * Level 3.6 Spellcasting
 * Level 0.2 Conjurations
 * Level 4.8 Ice Magic
 + Level 1.6 Invocations


You had one spell level left.
You knew the following spells:

 Your Spells              Type           Power      Damage    Failure   Level
a - Freeze                Ice            100%       1d11      1%          1
b - Frozen Ramparts       Ice            54%        1d9       4%          3
c - Ozocubu's Armour      Ice            27%        N/A       4%          3
d - Hailstorm             Conj/Ice       16%        3d6       34%         4

Your spell library contained the following spells:

 Spells                   Type           Power      Damage    Failure   Level
 Sting                    Tmut/Pois      16%        1d3       11%         1
 Poisonous Vapours        Pois/Air       8%         N/A       16%         2
 Call Canine Familiar     Summ           4%         N/A       30%         3
 Portal Projectile        Hex/Tloc       8%         N/A       30%         3
 Leda's Liquefaction      Hex/Erth       2%         N/A       71%         4
 Olgreb's Toxic Radiance  Pois           4%         N/A       71%         4


Dungeon Overview and Level Annotations

Branches:
Dungeon (5/15)             Temple (1/1) D:4         Ossuary (visited)

Altars:
Cheibriados
Dithmenos
Fedhas
Gozag
Makhleb
Qazlal
Ru
Wu Jian
Xom

Shops:
D:3 *


Innate Abilities, Weirdness & Mutations

You have hoof-like feet.
Spells you cast may paralyse adjacent enemies.


Message History

An orc comes into view. It is wielding a +0 club.
An orc comes into view. It is wielding a +0 war axe.
The orc shouts! x2
An orc comes into view. It is wielding a +0 whip.
The scorpion stings you.
The orc shouts!
You hit the scorpion but do no damage. The scorpion barely misses you.
The scorpion stings you.
You are poisoned.
The scorpion poisons you! The orc hits you with a +0 dagger.
The orc hits you with a +0 club.
You feel very sick. The scorpion stings you.
You are more poisoned.
The scorpion poisons you!
You feel very sick.
You feel very sick. The orc attacks as you move away!
The orc hits you with a +0 club.
You feel very sick.
There is an open door here.
Casting: Freeze (safe; 1% risk of failure)
Confirm with . or Enter, or press ? or * to list all spells.
Casting: Frozen Ramparts (dangerous; 4% risk of failure)
Press: ? - help, Dir - look around, f - activate An open door.
The walls around you are covered in ice.
Malevolent energies surge around you.
You feel very sick.
The wall freezes the scorpion but does no damage.
The scorpion stings you.
* * * LOW HITPOINT WARNING * * *
The wall freezes the scorpion.
The scorpion stings you.
* * * LOW HITPOINT WARNING * * *
You are more poisoned.
The scorpion poisons you!
The wall freezes the orc but does no damage.
It was a potion of flight.
You feel very buoyant.
You fly up into the air.
You die...

..# #######'######.
...............
...................
...................
...................
#..........................
+......##'#####@#####......
#......#........so.o...PPPPPP
#.(....#........oo.....PPPPPP
##......#....................P
........#....................P
........+..............≈≈≈≈..P
....#...#.................≈..P
..#.##..#..............._.≈..P
..#.###.....###..##..#....≈...


You could see a scorpion and 4 orcs.

Vanquished Creatures
  A jelly (D:5)
  Jessica (D:3)
  An iguana (D:4)
  An orc wizard (D:4)
  12 mummies
  8 adders
  2 worms
  A dart slug (D:1)
  4 orcs
  6 endoplasms
  4 giant cockroaches
  6 goblins
  5 ball pythons
  5 bats
  3 frilled lizards
  2 goblin skeletons (Ossuary)
  A goblin zombie (D:5)
  A hobgoblin zombie (D:5)
  6 kobolds
  A kobold skeleton (Ossuary)
  5 orc skeletons (Ossuary)
  A rat (D:3)
  11 rat skeletons (Ossuary)
88 creatures vanquished.

Notes
Turn   | Place    | Note
-------+----------+-------------------------------------------
     0 | D:1      | Ashen the Demonspawn Ice Elementalist began the quest for
                  | the Orb.
     0 | D:1      | Reached XP level 1. HP: 13/13 MP: 3/3
    34 | D:1      | Found a faded altar of an unknown god.
   780 | D:1      | Gained mutation: You have large cloven feet. [demonic
                  | ancestry]
   780 | D:1      | Reached XP level 2. HP: 16/19 MP: 1/5
   911 | D:1      | You fall into a shaft and drop 1 floor!
  1084 | D:2      | Reached XP level 3. HP: 19/25 MP: 2/6
  1284 | D:2      | Reached skill level 4 in Ice Magic
  1740 | D:3      | Reached skill level 1 in Fighting
  1999 | D:3      | Found a blossoming altar of Fedhas.
  2052 | D:3      | Noticed Jessica
  2062 | D:3      | Killed Jessica
  2063 | D:3      | Gained mutation: Spells you cast may paralyse adjacent
                  | enemies. [demonic ancestry]
  2063 | D:3      | Reached XP level 4. HP: 29/32 MP: 3/8
  2399 | D:3      | Found Qidwose's Assorted Antiques.
  2411 | D:3      | Learned a level 3 spell: Frozen Ramparts
  2415 | D:3      | Learned a level 3 spell: Ozocubu's Armour
  2421 | D:3      | Bought a scroll labelled COEPEV SEL for 31 gold pieces
  2421 | D:3      | Bought a scroll labelled FUTHIFE XOFEOTZ for 31 gold pieces
  2581 | D:3      | Found an ornate altar of the Wu Jian Council.
  3014 | D:4      | Found a stormy altar of Qazlal.
  3045 | D:4      | Gained mutation: You have hoof-like feet. [demonic
                  | ancestry]
  3045 | D:4      | Reached XP level 5. HP: 21/37 MP: 2/9
  3193 | D:4      | Found a staircase to the Ecumenical Temple.
  3203 | Temple   | Entered the Ecumenical Temple
  3219 | Temple   | Became a worshipper of Makhleb the Destroyer
  3939 | D:5      | Entered Level 5 of the Dungeon
  3940 | D:5      | Identified a scroll of acquirement
  3940 | D:5      | Acquired the +0 cloak of the Reasonable God {Int+6 Dex+3}
  4013 | D:5      | Found a sand-covered staircase.
  4024 | Ossuary  | Entered an ossuary
  4165 | Ossuary  | Reached skill level 1 in Invocations
  4323 | Ossuary  | Reached * piety under Makhleb
  4324 | Ossuary  | Reached XP level 6. HP: 44/44 MP: 6/11
  5139 | D:5      | Learned a level 4 spell: Hailstorm
  5217 | D:5      | Found an opulent altar of Gozag.
  5233 | D:5      | Succumbed to a scorpion's poison

Illustrated notes

Levels and vault maps discovered:
D:1:      co_arrival_random_square_maze, layout_loops_corners,
          chequers_ecumenical_altar_island, minmay_pentomino_s4
D:2:      layout_basic
D:3:      layout_basic, nzn_wu_jian_council_hall, mainiacjoe_overflow_catwalk,
          serial_shops, nicolae_shop_trees, uniq_jessica
D:4:      layout_basic, nicolae_qazlal_scattered_showers,
          minmay_temple_entry_waves, minmay_statues_item
D:5:      layout_gridville, mainiacjoe_overflow_chevrons,
          nicolae_ossuary_entry_giza, minmay_pentangle
Temple:   hellmonk_temple_rainy

Skill      XL: |  1  2  3  4  5  6 |
---------------+-------------------+-----
Dodging        | 2 |  2.7
Stealth        | 2 3 |  3.0
Ice Magic      | 4 |  4.8
Fighting       | 1 2 |  2.1
Spellcasting   | 3 |  3.6
Invocations    | 1 |  1.6
Short Blades   | |  0.6
Conjurations   | |  0.2

Action                   |  1- 3 |  4- 6 || total
-------------------------+-------+-------++-------
Melee: Whip              |    22 |    33 ||    55
       Unarmed           |     1 |       ||     1
       Kick              |     5 |     4 ||     9
       Short sword       |       |    96 ||    96
       Punch             |       |     1 ||     1
 Cast: Freeze            |    45 |    57 ||   102
       Frozen Ramparts   |       |     4 ||     4
       Ozocubu's Armour  |       |     2 ||     2
  Use: Scroll            |       |     6 ||     6
       Potion            |       |     1 ||     1
 Stab: Sleeping          |     4 |    13 ||    17
       Paralysed         |       |    36 ||    36
Armor: Robe              |     8 |    19 ||    27
Dodge: Dodged            |    35 |    59 ||    94
